 Dungeon Crawl Stone Soup version 0.25-a0-1136-gc1285e62ab (webtiles) character file.

Game seed: 7166229451467496166, levelgen mode: deterministic

55 zanarii the Chopper (level 3, -1/29 HPs)
             Began as a Demonspawn Fighter on May 23, 2020.
             Slain by a hobgoblin
             ... wielding a +0 club
             ... led by Robin
              (2 damage)
             ... on level 2 of the Dungeon.
             The game lasted 00:03:16 (1517 turns).

zanarii the Chopper (Demonspawn Fighter)            Turns: 1517, Time: 00:03:16

Health: -1/29      AC:  7    Str: 17    XL:     3   Next: 67%
Magic:  3/3        EV:  6    Int:  9    God:
Gold:   104        SH:  8    Dex: 12    Spells: 2/2 levels left

rFire    + . .     SeeInvis .   a - +0 war axe
rCold    + . .     Gourm    .   c - +0 kite shield
rNeg     . . .     Faith    .   b - +0 scale mail
rPois    +         Spirit   .   (helmet restricted)
rElec    +         Reflect  .   (no cloak)
rCorr    +         Harm     .   n - +0 pair of gloves
MR       .....                  (no boots)
Stlth    ..........             (no amulet)
HPRegen  0.09/turn              (no ring)
MPRegen  0.08/turn              (no ring)

@: resistant
A: antennae 1, hooves 1
a: no special abilities


You were on level 2 of the Dungeon.
You were very hungry.

You visited 1 branch of the dungeon, and saw 3 of its levels.

You collected 104 gold pieces.

Inventory:

Hand Weapons
 a - a +0 war axe (weapon)
 r - a +2 dagger of electrocution
Armour
 b - a +0 scale mail (worn)
 c - a +0 kite shield (worn)
 n - a +0 pair of gloves (worn)
Jewellery
 e - an uncursed ring of positive energy {unknown}
 h - an uncursed amulet of the acrobat {unknown}
 q - an uncursed amulet of regeneration {unknown}
Scrolls
 g - a scroll of blinking {unknown}
 i - 2 scrolls of identify {unknown}
 j - 2 scrolls of magic mapping {unknown}
 k - a scroll of remove curse {unknown}
Potions
 d - a potion of might
 l - a potion of heal wounds {unknown}
 m - a potion of resistance
 o - a potion of curing {unknown}
 p - a potion of cancellation {unknown}
Comestibles
 f - 2 rations


   Skills:
 - Level 3.0 Fighting
 * Level 3.7 Axes
 - Level 2.6 Armour
 - Level 2.6 Shields


You had 2 spell levels left.
You didn't know any spells.
Your spell library was empty.

Dungeon Overview and Level Annotations

Branches:
Dungeon (3/15)

Altars:
Dithmenos
Trog
Uskayaw


Innate Abilities, Weirdness & Mutations

You have a pair of small antennae on your head.
You have large cloven feet.


Message History

The hobgoblin is heavily wounded.
You hit the worm but do no damage.
Your shield and scale mail prevent you from hitting the adder.
You block the adder's attack. The hobgoblin hits you with a +0 club.
* * * LOW HITPOINT WARNING * * *
The worm bites you!
* * * LOW HITPOINT WARNING * * *
The adder barely misses you.
Quiver which item? (- for none, * to show all) (? for menu, Esc to quit)
Okay, then.
It was a potion of resistance.
You feel protected. The hobgoblin barely misses you.
The adder barely misses you. The worm barely misses you.
You barely miss the hobgoblin.
You kick the hobgoblin, but do no damage.
The hobgoblin is heavily wounded.
You hit the worm. You closely miss the adder. You block the adder's attack.
The hobgoblin hits you with a +0 club.
You die...

####### #.....# ###
#.###.# ..# #.###.# ###
###.# #...#.###.. ..#.#
#.#......#. . #.#.#
#...#.###.# .. #.#g#
#..##.# ### #.###.#@#
#..##.# #....gSw# #.....#
####..g## ##.#### #...#
#.# ###.# #.# ####.# #.###
# ##.##.# #.#.## ##
####...#.########....####.
+.......................'.


You could see a worm, an adder, a hobgoblin and 2 goblins.

Vanquished Creatures
  Robin (D:2)
  2 adders (D:2)
  A dart slug (D:2)
  2 leopard geckos (D:1)
  2 hobgoblins
  A quokka (D:2)
  4 bats (D:1)
  7 goblins
  2 kobolds (D:1)
  5 rats
27 creatures vanquished.

Vanquished Creatures (others)
  4 toadstools (D:1)
4 creatures vanquished.

Grand Total: 31 creatures vanquished

Notes
Turn   | Place    | Note
-------+----------+-------------------------------------------
     0 | D:1      | zanarii the Demonspawn Fighter began the quest for the Orb.
     0 | D:1      | Reached XP level 1. HP: 18/18 MP: 1/1
   480 | D:1      | Gained mutation: You have large cloven feet. [demonic
                  | ancestry]
   480 | D:1      | Reached XP level 2. HP: 23/24 MP: 2/2
  1010 | D:2      | Found a hide-covered altar of Uskayaw.
  1021 | D:2      | Found a bloodstained altar of Trog.
  1028 | D:2      | Found a shadowy altar of Dithmenos.
  1109 | D:2      | Gained mutation: You have a pair of small antennae on your
                  | head. [demonic ancestry]
  1109 | D:2      | Reached XP level 3. HP: 25/29 MP: 3/3
  1475 | D:2      | Noticed Robin
  1486 | D:2      | Killed Robin
  1515 | D:2      | HP: 1/29 [worm (7)]
  1517 | D:2      | Slain by a hobgoblin

Illustrated notes

Levels and vault maps discovered:
D:1:      ldierk_water_garden, layout_basic, serial_glass, glass_columns_a,
          glass_columns_c, glass_columns_a, glass_columns_a, glass_columns_a,
          glass_columns_a, glass_columns_a, glass_columns_a,
          due_unseen_surprise, minmay_strange_pillars, minmay_strange_pillars,
          minmay_cut_off
D:2:      layout_loops_corners, grunt_temple_overflow_diamond, uniq_robin
D:3:      layout_rooms, first_ration, uniq_sigmund

Skill      XL: |  1  2 |
---------------+-------+-----
Axes           | 2 3 |  3.7
Fighting       | |  3.0
Armour         | |  2.6
Shields        | |  2.6

Action                   || total
-------------------------++-------
Melee: War axe           ||    96
       Kick              ||    11
  Use: Potion            ||     1
  Eat: Chunk             ||     1
Armor: Scale mail        ||    49
Dodge: Dodged            ||    28
Block: Kite shield       ||    55

Table legend:
 A = Non-vault XP
 B = Vault XP
 C = Vault XP percentage of total XP
 D = Non-vault monster count
 E = Vault monster count
 F = Vault count percentage of total count
                 A         B        C        D         E       F
            +---------+---------+-------+---------+---------+-------
      Total |      56 |      23 |  29.1 |      21 |       6 |  22.2
            +---------+---------+-------+---------+---------+-------
        D:1 |      20 |       1 |   4.8 |      14 |       1 |   6.7
        D:2 |      36 |      22 |  37.9 |       7 |       5 |  41.7
            +---------+---------+-------+---------+---------+-------
